 Dungeon Crawl Stone Soup version 0.30.0-29-ga12c61a403 (webtiles) character file.

Game seed: 11968819424369418784

206 Graphine the Ducker (level 5, -1/42 HPs)
             Began as a Merfolk Gladiator on June 13, 2023.
             Slain by a gnoll
             ... wielding a +1 whip of electrocution
              (8 damage)
             ... on level 4 of the Dungeon.
             The game lasted 00:11:55 (3114 turns).

Graphine the Ducker (Merfolk Gladiator)             Turns: 3114, Time: 00:11:56

Health: -1/42      AC:  5    Str: 15    XL:     5   Next: 84%
Magic:  5/5        EV: 14    Int:  7    God:
Gold:   119        SH:  0    Dex: 17    Spells: 4/4 levels left

rFire   . . .        a - +1 long sword
rCold   . . .        (no shield)
rNeg    . . .        b - +0 leather armour
rPois   .            c - +0 helmet
rElec   .            (no cloak)
rCorr   .            (no gloves)
SInv    .            p - +0 pair of boots
Will    .....        s - amulet of magic regeneration
Stlth   +            (no ring)
HPRegen 0.27/turn    (no ring)
MPRegen 0.49/turn

%: no passive effects
@: no status effects
A: (nimble swimmer 2), mertail
a: no special abilities


You were on level 4 of the Dungeon.
You visited 1 branch of the dungeon, and saw 5 of its levels.

You collected 131 gold pieces.
You spent 12 gold pieces at shops.

Inventory:

Hand Weapons
 a - a +1 long sword (weapon)
 i - a +1 mace of protection
 t - a +1 dagger of freezing
 v - a +1 dagger of venom
Missiles
 d - 3 throwing nets
 e - a javelin
 x - 5 boomerangs (quivered)
Armour
 b - a +0 leather armour (worn)
 c - a +0 helmet (worn)
 p - a +0 pair of boots (worn)
Magical Staves
 u - a staff of conjuration
Jewellery
 s - an amulet of magic regeneration (around neck)
Wands
 h - a wand of iceblast (8)
 w - a wand of charming (9)
Scrolls
 l - 3 scrolls of teleportation
 o - 2 scrolls of magic mapping
 q - a scroll of identify
Potions
 f - 3 potions of heal wounds
 j - 2 potions of curing
 k - a potion of attraction
 m - a potion of haste
 n - a potion of lignification {unknown}
 r - a potion of brilliance


   Skills:
 * Level 4.1 Fighting
 * Level 5.2 Long Blades
 - Level 2.0 Throwing
 * Level 5.8 Dodging


You had 4 spell levels left.
You didn't know any spells.
Your spell library was empty.

Dungeon Overview and Level Annotations

Branches:
Dungeon (5/15)
 Temple: D:4-7

Altars:

Shops:
D:2 *[!   D:3 ?


Innate Abilities, Weirdness & Mutations

((You are very nimble when in or above water. (Stealth+, EV+, Speed+++)))
Your lower body shifts to a powerful aquatic tail in water.


Message History

Throw: 5 boomerangs
Press: ? - help, Q - select action, (/) - cycle Shift-Dir - straight line, f/p - gnoll
Aim: a gnoll, wielding a +0 club (lightly wounded, 66% to hit)
You throw a boomerang. The gnoll shouts!
The boomerang hits the gnoll!
The gnoll is severely wounded.
The gnoll attacks as you move away! The gnoll barely misses you.
There is a stone staircase leading down here.
The gnoll barely misses you.
You climb downwards.
There is a stone staircase leading up here.
You slash the gnoll!
You kill the gnoll!
You climb upwards.
The gnoll barely misses you. The gnoll misses you.
There is a stone staircase leading down here.
You hit the gnoll.
The gnoll is heavily wounded.
The gnoll closely misses you.
You hit the gnoll.
The gnoll is severely wounded.
The gnoll hits you with a +1 whip of electrocution!
You are too injured to fight recklessly!
You are too injured to fight recklessly!
Hit: a) +1 long sword
Press: ? - help, Dir - move target, f - gnoll
Aim: a gnoll, wielding a +1 whip of electrocution (severely wounded, about 32% to evade your +1 long sword)
You hit the gnoll but do no damage.
The gnoll is severely wounded.
The gnoll hits you with a +1 whip of electrocution!
* * * LOW HITPOINT WARNING * * *
Hit: a) +1 long sword
Press: ? - help, Dir - move target, f/p - gnoll
Aim: a gnoll, wielding a +1 whip of electrocution (severely wounded, about 32% to evade your +1 long sword)
You barely miss the gnoll.
The gnoll is severely wounded.
The gnoll hits you with a +1 whip of electrocution.
* * * LOW HITPOINT WARNING * * *
You are electrocuted!
You die...

####..# ####
###.....# #..##
.##.###.# #.)>######
....###.#
##.......###
#.....#.#
#...###.... .....
#(###<..####.#..#
#.# #.... ..#
###...##.##.# #)#
#.... ###
#.#..#.##.####.#
#.... #
#.##.#..#.@##..#
###....
#.##..#.##.g...#
#.g....
#.###...#####..###
#.... #.#
###......†$.)# #....
#.#
.####.#.......##....
#.# .#
.....##..........
....g.### ##.##.....
### ...... ###.##.
...# g..... #. #.


You could see a gnoll.

Vanquished Creatures
  An iguana (D:4)
  A gnoll (D:5)
  8 adders
  3 orcs (D:3)
  6 bats
  7 endoplasms
  6 giant cockroaches
  13 goblins
  12 hobgoblins
  2 jackals (D:2)
  2 quokkas
  12 ball pythons
  5 frilled lizards
  8 kobolds
  7 rats
93 creatures vanquished.

Notes
Turn   | Place    | Note
-------+----------+-------------------------------------------
     0 | D:1      | Graphine the Merfolk Gladiator began the quest for the Orb.
     0 | D:1      | Reached XP level 1. HP: 16/16 MP: 1/1
    93 | D:1      | Reached XP level 2. HP: 17/23 MP: 2/2
   410 | D:1      | Reached XP level 3. HP: 28/28 MP: 3/3
  1040 | D:2      | Reached XP level 4. HP: 35/35 MP: 4/4
  1130 | D:2      | Reached skill level 5 in Dodging
  1483 | D:2      | Found Dupeid's Armour Emporium.
  1568 | D:2      | Found Foplixin's Distillery.
  1571 | D:2      | Bought a potion of degeneration for 12 gold pieces
  1779 | D:2      | Found Nies Sir's Assorted Antiques.
  2074 | D:3      | Reached XP level 5. HP: 41/41 MP: 5/5
  2094 | D:3      | Found Ibbo's Magic Scroll Boutique.
  2413 | D:3      | Reached skill level 5 in Long Blades
  3107 | D:5      | Entered Level 5 of the Dungeon
  3114 | D:4      | Slain by a gnoll

Illustrated notes

Levels and vault maps discovered:
D:1:      minmay_arrival_plants_in_alcoves, layout_loops_cross,
          minmay_octomino_j4
D:2:      minmay_diamond_boxcup, layout_loops_corners, serial_shops,
          nicolae_shop_back_alley_shop, nicolae_shop_real_fake_doors, shop
D:3:      layout_basic, serial_shops, nicolae_shop_hallway_plus
D:4:      layout_rooms
D:5:      layout_gridville, uniq_duvessa

Skill      XL: |  1  2  3  4  5 |
---------------+----------------+-----
Long Blades    | 4 5 |  5.2
Fighting       | 3 4 |  4.1
Dodging        | 5 |  5.8
Throwing       | |  2.0

Action                     |  1- 3 |  4- 6 || total
---------------------------+-------+-------++-------
  Melee: Long sword        |    79 |   138 ||   217
   Fire: Sling             |    25 |    67 ||    92
  Throw: Boomerang         |       |    15 ||    15
    Use: Scroll            |     3 |     7 ||    10
         Potion            |     1 |       ||     1
   Stab: Sleeping          |     2 |       ||     2
 Armour: Leather armour    |    22 |    50 ||    72
  Dodge: Dodged            |    68 |   115 ||   183
